 Dungeon Crawl Stone Soup version 0.26.1-2-gb8aa6d0cf2 (webtiles) character file.

Game seed: 10918959987720209277

480 Gadfly the Cudgeller (level 6, -3/59 HPs)
             Began as a Troll Delver on Feb 25, 2021.
             Slain by an orc warrior
             ... wielding a +0 trident
              (18 damage)
             ... on level 3 of the Dungeon.
             The game lasted 00:07:35 (2909 turns).

Gadfly the Cudgeller (Troll Delver)                 Turns: 2909, Time: 00:07:35

Health: -3/59      AC:  7    Str: 28    XL:     6   Next: 86%
Magic:  5/5        EV: 10    Int:  6    God:
Gold:   248        SH:  0    Dex: 12    Spells: 5/5 levels left

rFire    . . .     SeeInvis .   b - +1 short sword (venom)
rCold    . . .     Faith    .   (no shield)
rNeg     . . .     Spirit   .   h - +1 robe
rPois    .         Reflect  .   (helmet restricted)
rElec    .         Harm     .   (no cloak)
rCorr    .         Rampage  .   (gloves unavailable)
Will     .....                  (boots unavailable)
Stlth    ++........             (no amulet)
HPRegen  0.59/turn              i - +6 ring of strength
MPRegen  0.09/turn              (no ring)

@: no status effects
A: large, unfitting armour, claws 3, regeneration 1, shaggy fur 1, tough skin 3
a: no special abilities


You were on level 3 of the Dungeon.
You visited 1 branch of the dungeon, and saw 5 of its levels.

You collected 248 gold pieces.

Inventory:

Hand Weapons
 a - a +0 flail
 b - a +1 short sword of venom (weapon)
Armour
 h - a +1 robe (worn)
Jewellery
 i - a +6 ring of strength (left claw)
Wands
 g - a wand of digging (3)
Scrolls
 c - a scroll of fog
 d - a scroll of magic mapping
 e - a scroll of fear
 k - a scroll of teleportation
 n - 3 scrolls of enchant armour
Potions
 f - a potion of haste
 j - 5 potions of flight
 m - 3 potions of heal wounds


   Skills:
 * Level 2.8 Fighting
 * Level 3.7 Maces & Flails
 + Level 3.1 Armour
 - Level 1.5 Dodging
 - Level 2.7 Stealth
 * Level 3.0 Evocations


You had 5 spell levels left.
You didn't know any spells.
Your spell library was empty.

Dungeon Overview and Level Annotations

Branches:
Dungeon (5/15)
 Temple: D:4-7

Altars:
Nemelex Xobeh
Yredelemnul


Innate Abilities, Weirdness & Mutations

You are too large for most types of armour.
You have claws for hands.
Your natural rate of healing is unusually fast.
You are covered in fur. (AC +1)
You have extremely tough skin. (AC +3)


Message History

Your +1 short sword of venom begins to drip with poison!
b - a +1 short sword of venom (weapon)
There is a stone staircase leading down, spattered with blood here.
You climb downwards.
There is a stone staircase leading up, spattered with blood here.
You see here a stone.
The orc warrior hits you with a +0 trident!!
Items here: )))).
You hit the orc warrior.
The orc warrior is poisoned.
The orc warrior is lightly wounded.
The orc warrior hits you with a +0 trident.
You hit the orc warrior but do no damage.
The orc warrior is lightly wounded.
The orc warrior hits you with a +0 trident!!
* * * LOW HITPOINT WARNING * * *
You are too injured to fight recklessly!
You are too injured to fight recklessly!
You are too injured to fight recklessly!
The orc warrior hits you from afar with a +0 trident!!
You die...

#.# #o## .......
#.# #.# #######
#>######## #.# #
#.†......# ###.###
# ########.#
#.....# # #.#
###.###.##########
#.# #.o.#
#.........## #.#
#)#.###.#######.##
#.# #@#........#
#.#. #.#
#)########.# #...
#.###(# #.######.
#.....# #........
####### #########


You could see an orc warrior (very poisoned).

Vanquished Creatures
  Sigmund (D:2)
  A scorpion (D:4)
  An orc priest (D:2)
  2 orc wizards (D:4)
  Terence (D:2)
  2 worker ants
  Robin (D:2)
  4 adders
  An ooze (D:3)
  A leopard gecko (D:4)
  4 orcs
  3 giant cockroaches
  16 goblins
  8 hobgoblins
  6 jackals (D:2)
  A quokka (D:4)
  3 bats (D:1)
  5 kobolds
  9 rats
70 creatures vanquished.

Notes
Turn   | Place    | Note
-------+----------+-------------------------------------------
     0 | D:5      | Gadfly the Troll Delver began the quest for the Orb.
     0 | D:5      | Reached XP level 1. HP: 22/22 MP: 0/0
    11 | D:5      | Noticed a centaur
    21 | D:4      | Noticed a worker ant
    37 | D:4      | Killed a worker ant
    38 | D:4      | Reached skill level 1 in Armour
    38 | D:4      | Reached skill level 1 in Evocations
    38 | D:4      | Reached XP level 2. HP: 10/29 MP: 1/1
   111 | D:4      | Noticed a scorpion
   122 | D:4      | Killed a scorpion
   123 | D:4      | Reached XP level 3. HP: 31/36 MP: 2/2
   123 | D:4      | Reached XP level 4. HP: 38/44 MP: 3/3
   347 | D:4      | Reached XP level 5. HP: 50/50 MP: 4/4
   434 | D:4      | Noticed an ogre
   546 | D:2      | Found a basalt altar of Yredelemnul.
   564 | D:2      | Noticed Robin
  1116 | D:2      | Noticed Sigmund
  1116 | D:2      | Noticed Terence
  1137 | D:2      | Killed Terence
  2149 | D:2      | Reached XP level 6. HP: 59/59 MP: 5/5
  2188 | D:2      | Killed Sigmund
  2438 | D:2      | Found a sparkling altar of Nemelex Xobeh.
  2511 | D:2      | Found a faded altar of an unknown god.
  2526 | D:2      | Killed Robin
  2683 | D:3      | Noticed an orc warrior
  2909 | D:3      | Slain by an orc warrior

Illustrated notes

Levels and vault maps discovered:
D:1:      lightli_arrival_lavapool, layout_basic
D:2:      wander_river, layout_loops_corners, overflow_temple_1_default,
          nemelex_xobeh_ov_fountains_minmay, chequers_ecumenical_altar_twisty,
          uniq_sigmund, uniq_terence, uniq_robin
D:3:      layout_loops_ring, grunt_ministairs_15, kennysheep_donut
D:4:      layout_loops_cross, minmay_temple_entry_fiery
D:5:      layout_loops_ring, general_overflow_altar, basic_altar

Skill      XL: |  1  2  3  4  5  6 |
---------------+-------------------+-----
Maces & Flails | 2 3 |  3.7
Armour         | 1 2 3 |  3.1
Evocations     | 1 2 3 |  3.0
Fighting       | |  2.8
Dodging        | |  1.5
Stealth        | |  2.7

Action                   |  1- 3 |  4- 6 || total
-------------------------+-------+-------++-------
Melee: Mace              |     9 |       ||     9
       Short sword       |     4 |   191 ||   195
  Use: Scroll            |     1 |     7 ||     8
 Stab: Sleeping          |       |     8 ||     8
Armor: Robe              |     4 |    71 ||    75
Dodge: Dodged            |     7 |   108 ||   115
